 Dungeon Crawl Stone Soup version 0.21.1-1-g345015f (webtiles) character file.

88 raph the Conjurer (level 4, 0/33 HPs)
             Began as a Draconian Conjurer on Feb 18, 2018.
             Succumbed to a killer bee's poison
             ... on level 3 of the Dungeon.
             The game lasted 00:05:32 (2964 turns).

raph the Conjurer (Draconian Conjurer)              Turns: 2964, Time: 00:05:33

Health: 0/33       AC:  7    Str: 15    XL:     4   Next: 30%
Magic:  4/8        EV: 12    Int: 21    God:
Gold:   114        SH:  0    Dex: 12    Spells: 2/8 levels left

rFire    . . .     SeeInvis .   a - +1 dagger (venom)
rCold    . . .     Gourm    .   (no shield)
rNeg     . . .     Faith    .   (armour unavailable)
rPois    .         Spirit   .   (helmet restricted)
rElec    .         Reflect  .   (no cloak)
rCorr    .         Harm     .   m - +1 pair of gloves
MR       .....                  (no boots)
Stlth    +.........             (no amulet)
HPRegen  0.11/turn              f - ring of loudness (curse)
MPRegen  0.11/turn              (no ring)

@: mighty, brilliant, lethally poisoned (0 -> -25)
A: unfitting armour, cold-blooded, AC +5
a: no special abilities


You were on level 3 of the Dungeon.
You were not hungry.

You visited 1 branch of the dungeon, and saw 3 of its levels.

You collected 114 gold pieces.

Inventory:

Hand Weapons
 a - a +1 dagger of venom (weapon)
 b - a +0 dagger of protection
Missiles
 h - 83 stones (quivered)
Armour
 m - a +1 pair of gloves (worn)
Jewellery
 f - a cursed ring of loudness (left hand)
Scrolls
 e - 3 scrolls of identify
 i - a scroll of noise
 l - 2 scrolls of enchant armour
 n - a scroll of teleportation {unknown}
 o - a scroll of amnesia {unknown}
Potions
 c - 2 potions of brilliance
Books
 d - a book of Conjurations

   Spells                             Type                      Level
   a - Magic Dart                     Conjuration                  1
   b - Searing Ray                    Conjuration                  2
   c - Dazzling Spray                 Conjuration/Hexes            3
   d - Fulminant Prism                Conjuration/Hexes            4
   e - Force Lance                    Conjuration/Translocation    4
   f - Iskenderun's Mystic Blast      Conjuration                  4
Comestibles
 g - 2 rations


   Skills:
 - Level 1.7 Dodging
 - Level 1.7 Stealth
 + Level 2.7 Spellcasting
 * Level 5.4 Conjurations


You had 2 spell levels left.
You knew the following spells:

 Your Spells              Type           Power        Failure   Level  Hunger
a - Magic Dart            Conj           ####         1%          1    None
b - Searing Ray           Conj           #####.       1%          2    ##.....
c - Dazzling Spray        Conj/Hex       ####..       1%          3    ###....


Dungeon Overview and Level Annotations

Branches:
Dungeon (3/15)

Altars:


Innate Abilities, Weirdness & Mutations

Your plain brown scales are hard. (AC +5)
You cannot fit into any form of body armour.
You are cold-blooded and may be slowed by cold attacks.


Message History

You feel sick. The killer bee misses you. The killer bee stings you.
As you read the scroll labeled FECRAE BUERU, it crumbles to dust.
It is a scroll of identify.
i - a scroll of noise
* * * LOW HITPOINT WARNING * * *
You feel sick. The killer bee stings you.
* * * LOW HITPOINT WARNING * * *
The killer bee completely misses you.
As you read the scroll labeled CONNEO HOISO, it crumbles to dust.
The creatures around you are filled with an inner flame!
It was a scroll of immolation.
* * * LOW HITPOINT WARNING * * *
You feel sick. The killer bee stings you.
* * * LOW HITPOINT WARNING * * *
You are more poisoned.
The killer bee poisons you! The killer bee misses you.
As you read the scroll labeled IMITIPSY YFAY, it crumbles to dust.
It is a scroll of enchant armour.
Your +0 pair of gloves glows green for a moment.
You die...

#########. #.
#.@yyyyy..
#...###.########
#..............#
#...###.######.#
.. #.# ##.#.#
#.# #....# #.#
##.### ..# #<#
### #.#


You could see 5 killer bees.

Vanquished Creatures
  Terence (D:1)
  An adder (D:2)
  A worm (D:2)
  3 dart slugs (D:1)
  A leopard gecko (D:1)
  6 giant cockroaches
  7 goblins
  2 hobgoblins (D:1)
  6 jackals (D:1)
  A quokka (D:2)
  3 bats
  2 frilled lizards
  A kobold (D:1)
  4 rats
39 creatures vanquished.

Notes
Turn   | Place    | Note
-------+----------+-------------------------------------------
     0 | D:1      | raph the Draconian Conjurer began the quest for the Orb.
     0 | D:1      | Reached XP level 1. HP: 14/14 MP: 3/3
   258 | D:1      | Reached XP level 2. HP: 17/20 MP: 0/5
   632 | D:1      | Learned a level 2 spell: Searing Ray
   894 | D:1      | Reached XP level 3. HP: 26/26 MP: 2/6
  1089 | D:1      | Learned a level 3 spell: Dazzling Spray
  1446 | D:2      | Noticed Terence
  1479 | D:1      | Killed Terence
  1479 | D:1      | Reached skill level 5 in Conjurations
  1883 | D:2      | Reached XP level 4. HP: 33/33 MP: 5/7
  2964 | D:3      | Succumbed to a killer bee's poison

Skill      XL: |  1  2  3 |
---------------+----------+-----
Conjurations   | 5 |  5.4
Dodging        | |  1.7
Stealth        | |  1.7
Spellcasting   | |  2.7

Action                   |  1- 3 |  4- 6 || total
-------------------------+-------+-------++-------
Melee: Dagger            |    37 |    13 ||    50
       Tailslap          |     3 |     1 ||     4
 Cast: Magic Dart        |    50 |    10 ||    60
       Searing Ray       |     1 |     3 ||     4
       Dazzling Spray    |       |     1 ||     1
  Use: Scroll            |       |     3 ||     3
       Potion            |       |     2 ||     2
  Eat: Chunk             |     4 |     3 ||     7
Armor: Skin              |    11 |     5 ||    16
Dodge: Dodged            |    30 |    19 ||    49
